 Dungeon Crawl Stone Soup version 0.21-a0-517-gd76cfe0 (webtiles) character file.

5125 Atlas the Thaumaturge (level 10, -3/71 HPs)
             Began as a Mummy Wizard on Dec 3, 2017.
             Was an Initiate of Gozag.
             Slain by a troll (7 damage)
             ... on level 9 of the Dungeon on Dec 4, 2017.
             The game lasted 00:17:44 (11585 turns).

Atlas the Thaumaturge (Mummy Wizard)               Turns: 11585, Time: 00:17:45

Health: -3/71      AC: 12    Str: 10    XL:     10   Next: 32%
Magic:  18/24      EV: 13    Int: 21    God:    Gozag
Gold:   819        SH:  0    Dex: 11    Spells: 18/29 levels left

rFire    . . .     SeeInvis .   r - +3 falchion
rCold    . . .     Gourm    .   (no shield)
rNeg     + + +     Faith    .   f - +0 leather armour
rPois    ∞         Spirit   .   a - +0 helmet
rElec    .         Reflect  .   t - +2 cloak {+Inv}
rCorr    .         Harm     .   q - +0 pair of gloves
MR       +....                  b - +2 pair of boots
Stlth    +.........             (no amulet)
HPRegen  0.21/turn              u - ring of fire
MPRegen  0.19/turn              (no ring)

@: no status effects
A: no food or potions, fire vulnerability, cold resistance 1, negative energy
resistance 3, torment resistance, unbreathing
a: Potion Petition, Call Merchant, Bribe Branch, Renounce Religion, Evoke
Invisibility


You were on level 9 of the Dungeon.
You worshipped Gozag.
Gozag was pleased with you.
You were not hungry.

You visited 2 branches of the dungeon, and saw 10 of its levels.

You collected 879 gold pieces.
You paid 60 gold pieces to Gozag.

Inventory:

Hand Weapons
 r - a +3 falchion (weapon)
Missiles
 w - a throwing net (quivered)
Armour
 a - a +0 helmet (worn)
 b - a +2 pair of boots (worn)
 f - a +0 leather armour (worn)
 q - a +0 pair of gloves (worn)
 t - a +2 cloak of invisibility (worn)
Jewellery
 u - a ring of fire (left hand)
Wands
 p - a wand of disintegration (3)
 s - a wand of scattershot (6)
 x - a wand of paralysis (14)
 y - a wand of iceblast (13)
Scrolls
 d - 6 scrolls of remove curse {unknown}
 e - a scroll of amnesia
 g - 4 scrolls of magic mapping {unknown}
 h - a scroll of blinking
 i - 3 scrolls of fear {unknown}
 j - 6 scrolls of teleportation
 k - 2 scrolls of identify
 l - 4 scrolls of immolation {unknown}
 m - 3 scrolls of enchant weapon
 n - 2 scrolls of fog {unknown}
 o - 2 scrolls of brand weapon {unknown}
 v - a scroll of enchant armour {unknown}
 z - a scroll of noise {unknown}
Books
 c - a book of Minor Magic

   Spells                             Type                      Level
   a - Magic Dart                     Conjuration                  1
   b - Blink                          Translocation                2
   c - Call Imp                       Summoning                    2
   d - Slow                           Hexes                        2
   e - Conjure Flame                  Conjuration/Fire             3
   f - Mephitic Cloud                 Conjuration/Poison/Air       3


   Skills:
 + Level 4.1 Fighting
   Level 2.6(3.7) Short Blades
 + Level 3.9(4.3) Long Blades
 + Level 3.8 Armour
 + Level 3.9 Dodging
 - Level 1.5 Stealth
 + Level 10.2 Spellcasting
 + Level 5.9 Conjurations
 + Level 1.4 Summonings
 + Level 0.7 Translocations
 + Level 1.4 Fire Magic
 + Level 2.0 Air Magic
 + Level 2.1 Poison Magic
 + Level 0.1 Evocations


You had 18 spell levels left.
You knew the following spells:

 Your Spells              Type           Power        Failure   Level  Hunger
a - Magic Dart            Conj           ####         1%          1    N/A
b - Call Imp              Summ           ###.....     7%          2    N/A
c - Conjure Flame         Conj/Fire      #####...     5%          3    N/A
d - Mephitic Cloud        Conj/Pois/Air  ###.....     6%          3    N/A
e - Blink                 Tloc           N/A          10%         2    N/A

Dungeon Overview and Level Annotations

Branches:
Dungeon (9/15)             Temple (1/1) D:6            Lair (0/6) D:8
    Orc: D:9-12

Altars:
Ashenzari
Cheibriados
Dithmenos
Elyvilon
Fedhas
Gozag
Hepliaklqana
Kikubaaqudgha
Makhleb
Nemelex Xobeh
Okawaru
Qazlal
Ru
Sif Muna
Trog
Uskayaw
Vehumet
Wu Jian
Xom
Yredelemnul
Zin
The Shining One


Innate Abilities, Weirdness & Mutations

You do not eat or drink.
Your flesh is vulnerable to fire.
You are immune to poison.
Your flesh is cold resistant. (rC+)
You are immune to negative energy. (rN+++)
You are immune to unholy pain and torment.
You can survive without breathing.


Message History

The troll is severely wounded.
The troll misses you. The troll claws you.
A jelly comes into view.
You hit the troll.
The troll is severely wounded.
The troll is engulfed in blazing flames.
The troll bites you but does no damage. The troll claws you!
* * * LOW HITPOINT WARNING * * *
The troll claws you.
* * * LOW HITPOINT WARNING * * *
You barely miss the troll.
The troll is almost dead.
The troll is engulfed in blazing flames.
The troll bites you.
* * * LOW HITPOINT WARNING * * *
The troll claws you.
* * * LOW HITPOINT WARNING * * *
The troll claws you!
You die...
Your body crumbles into a pile of gold.

#.........#
#.........#
#####'##### #..#
##.## ##..# #..##
##T################
#.@..!........##...
#.....)........#...
#......J.......#...
#..............#...
#..................
#.............#....
############'###...
##.....# ##'#
#..##### #.#


You could see a troll and a jelly.

Vanquished Creatures
  A two-headed ogre (D:8)
  The ghost of djmy96 the Shield-Bearer, a novice FoFi (D:7)
  Pikel (D:7)
  A wyvern (D:8)
  Menkaure (D:7)
  Duvessa (D:7)
  Edmund (D:4)
  2 ice beasts
  3 porcupines (D:8)
  2 orc warriors (D:8)
  A slave (D:7)
  5 ogres
  A centaur (D:7)
  2 crocodiles (D:8)
  2 big kobolds
  6 bullfrogs
  A wyvern skeleton (D:8)
  Dowan (D:7)
  5 scorpions
  3 wights (D:7)
  An electric eel (D:6)
  3 crimson imps
  A quasit (D:8)
  A centaur skeleton (D:9)
  3 orc priests
  A hound (D:4)
  An orc wizard (D:5)
  Crazy Yiuf (D:7)
  3 iguanas
  5 worker ants
  A hound skeleton (D:6)
  12 adders
  3 gnolls (D:2)
  A shadow imp (D:6)
  2 oozes
  5 worms
  2 leopard geckos
  29 orcs
  A ball python (D:5)
  A giant cockroach (D:1)
  3 goblins
  7 hobgoblins
  6 jackals (D:3)
  8 kobolds
  11 bats
  2 frilled lizards (D:2)
  A leopard gecko skeleton (D:4)
  8 rats
164 creatures vanquished.

Vanquished Creatures (others)
  48 fungi (D:8)
  39 plants (D:8)
87 creatures vanquished.

Grand Total: 251 creatures vanquished

Notes
Turn   | Place    | Note
-------+----------+-------------------------------------------
     0 | D:1      | Atlas the Mummy Wizard began the quest for the Orb.
     0 | D:1      | Reached XP level 1. HP: 13/13 MP: 5/5
   555 | D:1      | Reached XP level 2. HP: 19/19 MP: 4/7
   861 | D:1      | Reached skill level 1 in Conjurations
  1029 | D:1      | Reached skill level 5 in Spellcasting
  1445 | D:2      | Reached XP level 3. HP: 18/24 MP: 6/9
  1517 | D:2      | Learned a level 2 spell: Call Imp
  1521 | D:2      | Learned a level 3 spell: Conjure Flame
  1525 | D:2      | Learned a level 3 spell: Mephitic Cloud
  1528 | D:2      | Learned a level 2 spell: Blink
  2077 | D:2      | Reached XP level 4. HP: 24/31 MP: 6/11
  3273 | D:3      | Noticed a big kobold
  3285 | D:3      | Killed a big kobold
  3285 | D:3      | Reached skill level 1 in Fighting
  3285 | D:3      | Reached skill level 1 in Armour
  3285 | D:3      | Reached XP level 5. HP: 27/37 MP: 3/13
  3800 | D:4      | Noticed Edmund
  3818 | D:4      | Killed Edmund
  3818 | D:4      | Reached skill level 6 in Spellcasting
  3818 | D:4      | Reached XP level 6. HP: 21/43 MP: 3/15
  4229 | D:4      | Reached skill level 1 in Short Blades
  4311 | D:4      | Found a shimmering altar of Xom.
  4311 | D:4      | Found a shimmering altar of Xom.
  4311 | D:4      | Found a shimmering altar of Xom.
  4311 | D:4      | Found a shimmering altar of Xom.
  4316 | D:4      | Found a shimmering altar of Xom.
  4363 | D:4      | Found a snail-covered altar of Cheibriados.
  4447 | D:4      | Found a shimmering altar of Xom.
  4448 | D:4      | Found a shimmering altar of Xom.
  4449 | D:4      | Found a shimmering altar of Xom.
  4449 | D:4      | Found a shimmering altar of Xom.
  4759 | D:5      | Entered Level 5 of the Dungeon
  4872 | D:5      | Reached XP level 7. HP: 48/48 MP: 11/17
  5355 | D:5      | Reached skill level 7 in Spellcasting
  5646 | D:5      | Reached skill level 1 in Summonings
  5726 | D:5      | Reached skill level 1 in Air Magic
  5971 | D:6      | Reached skill level 1 in Poison Magic
  6086 | D:6      | Found a staircase to the Ecumenical Temple.
  6107 | Temple   | Entered the Ecumenical Temple
  6282 | Temple   | Became a worshipper of Gozag Ym Sagoz the Greedy
  6681 | D:6      | Reached XP level 8. HP: 46/56 MP: 12/19
  8166 | D:7      | Noticed Dowan
  8167 | D:7      | Noticed Duvessa
  8215 | D:7      | Killed Dowan
  8230 | D:7      | Killed Duvessa
  8230 | D:7      | Reached skill level 8 in Spellcasting
  8404 | D:7      | Reached skill level 1 in Long Blades
  8497 | D:7      | Noticed Pikel
  8515 | D:7      | Killed Pikel
  8515 | D:7      | Reached XP level 9. HP: 45/63 MP: 3/21
  8700 | D:7      | Noticed Menkaure
  8700 | D:7      | Noticed djmy96's ghost (novice FoFi)
  8727 | D:7      | Killed djmy96's ghost
  8727 | D:7      | Reached skill level 1 in Fire Magic
  8820 | D:7      | Killed Menkaure
  8820 | D:7      | Reached skill level 9 in Spellcasting
  9222 | D:7      | Got an ichor-stained long sword
  9227 | D:7      | Identified the +7 long sword "Xuzxit" {holy, +Rage Int+2} (You found it on level 7 of the Dungeon)
  9292 | D:7      | Found a runed door.
  9296 | D:7      | Noticed Crazy Yiuf
  9303 | D:7      | Killed Crazy Yiuf
  9550 | D:8      | Noticed a two-headed ogre
  9568 | D:8      | Killed a two-headed ogre
  9568 | D:8      | Reached skill level 5 in Conjurations
  9732 | D:8      | Found a burning altar of Makhleb.
  9784 | D:8      | Reached XP level 10. HP: 36/71 MP: 11/23
 10367 | D:8      | Reached skill level 10 in Spellcasting
 11125 | D:8      | Found a staircase to the Lair.
 11585 | D:9      | Slain by a troll

Vault maps used:
D:1:      dpeg_arrival_pond
D:3:      first_bread
D:4:      cheibriados_altar_1, xom_redecorated, uniq_edmund
D:5:      minmay_hedge_maze
D:6:      temple_doors_e, kennysheep_small_spiral
D:7:      uniq_pikel, uniq_duvessa, uniq_menkaure, uniq_crazy_yiuf_cottage
D:8:      due_lair_maze_entry_diamond, basic_altar, grunt_ogre_cave
Temple:   roderic_octagonal_lattice_temple

Skill      XL: |  1  2  3  4  5  6  7  8  9 10 |
---------------+-------------------------------+-----
Conjurations   | 1 2 3 4 5 |  5.9
Spellcasting   | 5 6 7 8 9 10 | 10.2
Fighting       | 1 2 3 4 |  4.1
Armour         | 1 2 3 |  3.8
Dodging        | 2 3 |  3.9
Short Blades   | 1 2 |  2.6
Summonings     | 1 |  1.4
Air Magic      | 1 2 |  2.0
Poison Magic   | 1 2 |  2.1
Long Blades    | 2 3 |  3.9
Fire Magic     | 1 |  1.4
Stealth        | |  1.5
Translocations | |  0.7
Evocations     | |  0.1

Action                   |  1- 3 |  4- 6 |  7- 9 | 10-12 || total
-------------------------+-------+-------+-------+-------++-------
Melee: Unarmed           |    11 |       |       |       ||    11
       Dagger            |    64 |   127 |   171 |       ||   362
       Falchion          |       |       |    73 |    87 ||   160
 Cast: Magic Dart        |    63 |    68 |   159 |    99 ||   389
       Mephitic Cloud    |     2 |     5 |    17 |    11 ||    35
       Conjure Flame     |       |     1 |     6 |     8 ||    15
       Call Imp          |       |       |     5 |       ||     5
Evoke: Wand              |       |       |     4 |       ||     4
  Use: Scroll            |       |       |     6 |     1 ||     7
 Stab: Confused          |       |       |     4 |     6 ||    10
       Distracted        |       |       |     1 |       ||     1
       Sleeping          |       |       |     1 |       ||     1
Armor: Leather armour    |    27 |    25 |    55 |    30 ||   137
Dodge: Dodged            |    72 |    60 |   122 |    67 ||   321
       Rpst.: Falchion   |       |       |    15 |    19 ||    34

Table legend:
 A = Spawn XP
 B = Non-spawn XP
 C = Spawn XP percentage of total XP
 D = Spawn monster count
 E = Non-spawn monster count
 F = Spawn count percentage of total count
 G = Total turns spent on level
                    A         B        C        D         E        F      G
               +---------+---------+-------+---------+---------+-------+---------
         Total |       0 |    7322 |   0.0 |       0 |     163 |   0.0 | 11585
               +---------+---------+-------+---------+---------+-------+---------
           D:1 |       0 |      36 |   0.0 |       0 |      19 |   0.0 |  1562
           D:2 |       0 |      89 |   0.0 |       0 |      20 |   0.0 |  1149
           D:3 |       0 |     173 |   0.0 |       0 |      18 |   0.0 |  1079
           D:4 |       0 |     403 |   0.0 |       0 |      15 |   0.0 |  1071
           D:5 |       0 |     548 |   0.0 |       0 |      14 |   0.0 |  1104
           D:6 |       0 |     717 |   0.0 |       0 |      18 |   0.0 |  1649
           D:7 |       0 |    2280 |   0.0 |       0 |      15 |   0.0 |  1669
           D:8 |       0 |    2990 |   0.0 |       0 |      39 |   0.0 |  1877
           D:9 |       0 |      86 |   0.0 |       0 |       5 |   0.0 |   233
               +---------+---------+-------+---------+---------+-------+---------
